 Dungeon Crawl Stone Soup version 0.19-a0-599-g723c685 (webtiles) character file.

1391 st0uf the Shield-Bearer (level 9, -4/68 HPs)
             Began as a Formicid Fighter on June 11, 2016.
             Slain by an orc warrior
             ... wielding a +0 hand axe
              (11 damage)
             ... on level 6 of the Dungeon.
             The game lasted 00:25:58 (5386 turns).

st0uf the Shield-Bearer (Formicid Fighter)          Turns: 5386, Time: 00:26:00

Health: -4/68      AC: 10    Str: 26    XL:     9   Next: 0%
Magic:  9/9        EV: 11    Int:  8    God:
Gold:   356        SH: 11    Dex: 10    Spells: 0 memorised, 8 levels left

rFire  . . .     SeeInvis +     a - +0 war axe
rCold  . . .     Gourm    .     b - +0 scale mail
rNeg   . . .     Faith    .     c - +0 shield
rPois  .         Spirit   .     (helmet unavailable)
rElec  .         Dismiss  .     (no cloak)
rCorr  +         Reflect  .     p - +2 pair of gloves
SustAt .         Harm     .     (no boots)
MR     .....                    (no amulet)
Stlth  ..........               (no ring)
                                s - ring of resist corrosion

@: not resistant to hostile enchantments, extremely unstealthy
A: permanent stasis, dig shafts and tunnels, four strong arms, antennae 3,
strong 1
a: Dig, Shaft Self


You were on level 6 of the Dungeon.
You were not hungry.

You visited 2 branches of the dungeon, and saw 7 of its levels.

You collected 356 gold pieces.

Inventory:

Hand Weapons
 a - a +0 war axe (weapon)
 u - the +8 long sword of Sapheal {speed, rPois}
   (You found it on level 4 of the Dungeon)

   Attacks with this weapon are significantly faster.
   It protects you from poison.
Armour
 b - a +0 scale mail (worn)
 c - a +0 shield (worn)
 p - a +2 pair of gloves (worn)
Jewellery
 s - a ring of resist corrosion (left hand)
Wands
 q - a wand of enslavement (11/24)
Scrolls
 e - a scroll of fear {unknown}
 h - 4 scrolls of identify
 i - 5 scrolls of remove curse {unknown}
 j - a scroll of fog {unknown}
 l - 2 scrolls of blinking {unknown}
 n - a scroll of noise {unknown}
 t - 2 scrolls of teleportation {unknown}
 w - a scroll of recharging {unknown}
Potions
 d - 2 potions of might
 g - a potion of berserk rage
 k - 2 potions of curing
 o - 2 potions of degeneration
 x - 3 potions of lignification
 A - 2 potions of cancellation {unknown}
Books
 v - a book of Unlife

   Spells                             Type                      Level
   a - Recall                         Summoning/Translocation      3
   b - Animate Dead                   Necromancy                   4
   c - Control Undead                 Necromancy                   4
   d - Cigotuvi's Embrace             Necromancy                   5
   e - Death Channel                  Necromancy                   6
   f - Simulacrum                     Ice/Necromancy               6
 y - Sif Muna's Handbook of the Armadillo
   (You found it on level 5 of the Dungeon)

   Spells                             Type                      Level
   a - Flame Tongue                   Conjuration/Fire             1
 B - a Grand Grimoire

   Spells                             Type                      Level
   a - Monstrous Menagerie            Summoning                    7
   b - Summon Greater Demon           Summoning                    7
   c - Malign Gateway                 Summoning/Translocation      7
   d - Summon Horrible Things         Summoning                    8
 C - a book of Necromancy

   Spells                             Type                      Level
   a - Pain                           Necromancy                   1
   b - Animate Skeleton               Necromancy                   1
   c - Vampiric Draining              Necromancy                   3
   d - Regeneration                   Charms/Necromancy            3
   e - Animate Dead                   Necromancy                   4
   f - Control Undead                 Necromancy                   4
Comestibles
 f - 3 bread rations
 m - 2 meat rations
 r - a beef jerky
 z - 6 chunks of flesh


   Skills:
 + Level 5.4 Fighting
 + Level 0.8 Long Blades
 * Level 6.2 Axes
 + Level 5.5 Armour
 + Level 3.8 Dodging
 + Level 6.3 Shields


You had 8 spell levels left.
You didn't know any spells.

Dungeon Overview and Level Annotations

Branches:
Dungeon (6/15)             Temple (1/1) D:5

Altars:
Cheibriados
Dithmenos
Elyvilon
Fedhas
Hepliaklqana
Kikubaaqudgha
Makhleb
Pakellas
Qazlal
Ru
Sif Muna
Trog
Vehumet
Xom
Yredelemnul
Zin
The Shining One

Annotations:
D:4 Shenda's ghost, novice GrFi


Innate Abilities, Weirdness & Mutations

You are under a permanent stasis effect.
You can dig through walls and to a lower floor.
Your four strong arms can wield two-handed weapons with a shield.
You have a pair of large antennae on your head. (SInv)
Your muscles are strong. (Str +2)


Message History

Unknown command.
You hit the orc warrior but do no damage.
The orc warrior is heavily wounded.
You barely miss the orc wizard.
The orc wizard is severely wounded.
The orc warrior barely misses you.
The orc wizard mumbles some strange words.
The orc wizard blinks!
The orc warrior hits you with a hand axe!
* * * LOW HITPOINT WARNING * * *
You closely miss the orc warrior.
The orc warrior is heavily wounded.
The orc warrior barely misses you.
You hit the orc warrior but do no damage.
The orc warrior is heavily wounded.
Your shield and scale mail prevent you from hitting the orc wizard.
The orc wizard is severely wounded.
The orc wizard hits you but does no damage.
The orc warrior hits you with a hand axe!
You die...

.... ###+#...
#......# +......#
#......# #......#
#..o.).# #..o@..+
+......# #.[)...#
#......# #### #..# ##
#....#####...##..###.
+....#..#.........#..
#....#..#.........#..
#....'..# ........#..
#....########.....###


You could see an orc warrior and an orc wizard.

Vanquished Creatures
  An orc warrior (D:6)
  A phantom (D:4)
  A sky beast (D:5)
  A centaur (D:5)
  2 scorpions
  4 killer bees (D:5)
  A howler monkey (D:5)
  A crimson imp (D:6)
  A giant frog zombie (D:6)
  2 hounds
  A centaur skeleton (D:5)
  A giant frog skeleton (D:4)
  2 orc priests
  2 orc wizards (D:5)
  6 worker ants
  A hound skeleton (D:5)
  A worker ant zombie (D:6)
  7 gnolls
  4 adders
  2 oozes
  An adder skeleton (D:5)
  An adder zombie (D:6)
  2 worms
  3 dart slugs
  5 giant geckos
  15 orcs
  11 bats
  5 giant cockroaches
  12 goblins
  7 hobgoblins
  4 jackals
  5 quokkas
  2 ball pythons
  A giant gecko skeleton (D:4)
  3 giant newts
  6 kobolds
  5 rats
130 creatures vanquished.

Vanquished Creatures (others)
  An orc wizard (D:5)
1 creature vanquished.

Grand Total: 131 creatures vanquished

Notes
Turn   | Place    | Note
--------------------------------------------------------------
     0 | D:1      | st0uf the Formicid Fighter began the quest for the Orb.
     0 | D:1      | Reached XP level 1. HP: 18/18 MP: 1/1
   158 | D:1      | Reached XP level 2. HP: 24/24 MP: 2/2
   763 | D:2      | Reached XP level 3. HP: 29/29 MP: 3/3
   846 | D:2      | Found a shadowy altar of Dithmenos.
   874 | D:2      | Found a sacrificial altar of Ru.
   942 | D:2      | Reached skill level 1 in Dodging
   969 | D:2      | Reached XP level 4. HP: 27/35 MP: 4/4
  1248 | D:2      | You fall through a shaft for 2 floors!
  1487 | D:2      | Reached XP level 5. HP: 5/41 MP: 5/5
  2519 | D:3      | Found a glowing silver altar of Zin.
  2533 | D:3      | Reached XP level 6. HP: 34/48 MP: 6/6
  3132 | D:4      | Reached skill level 5 in Shields
  3160 | D:4      | Noticed Shenda's ghost (novice GrFi)
  3255 | D:4      | Noticed a phantom
  3283 | D:4      | Killed a phantom
  3322 | D:4      | Reached XP level 7. HP: 44/54 MP: 7/7
  3376 | D:5      | Entered Level 5 of the Dungeon
  3666 | D:4      | Got a bloodstained long sword
  3667 | D:4      | Identified the +8 long sword of Sapheal {speed, rPois} (You found it on level 4 of the Dungeon)
  3984 | D:5      | Reached skill level 5 in Axes
  3984 | D:5      | Reached XP level 8. HP: 46/61 MP: 8/8
  4043 | D:5      | Identified Sif Muna's Handbook of the Armadillo
  4067 | D:5      | Found a staircase to the Ecumenical Temple.
  4081 | Temple   | Entered the Ecumenical Temple
  4391 | D:5      | Found a glowing golden altar of the Shining One.
  4517 | D:5      | Reached skill level 5 in Armour
  4573 | D:5      | HP: 3/61 [poisoned by a killer bee]
  4577 | D:5      | Reached skill level 5 in Fighting
  5013 | D:5      | Gained mutation: You expend magic power (3 MP) to strengthen your wands. [mutagenic meat]
  5014 | D:5      | Gained mutation: Scrolls take you a little longer to read. [mutagenic meat]
  5015 | D:5      | Gained mutation: Your muscles are strong. (Str +2) [mutagenic meat]
  5016 | D:5      | Gained mutation: Your flesh is heat resistant. (rF+) [mutagenic meat]
  5017 | D:5      | Gained mutation: Your body sometimes deteriorates upon taking damage. [mutagenic meat]
  5026 | D:5      | Lost mutation: Scrolls take you a little longer to read. [potion of cure mutation]
  5026 | D:5      | Lost mutation: You expend magic power (3 MP) to strengthen your wands. [potion of cure mutation]
  5026 | D:5      | Lost mutation: Your flesh is heat resistant. (rF+) [potion of cure mutation]
  5026 | D:5      | Lost mutation: Your body sometimes deteriorates upon taking damage. [potion of cure mutation]
  5085 | D:5      | Found a deep blue altar of Sif Muna.
  5171 | D:6      | Found a glowing golden altar of the Shining One.
  5339 | D:6      | Reached XP level 9. HP: 61/68 MP: 9/9
  5386 | D:6      | Slain by an orc warrior

Vault maps used:
D:1:      lightli_arrival_quake
D:2:      wad_woods_settlement, lemuel_crystal_altar, grunt_dithmenos_smoke
D:3:      zin_statuary
D:4:      kennysheep_generic_room_5
D:5:      led_sif_book, minmay_temple_entry_butterflies, first_bread,
          basic_altar
D:6:      tso_metal_star, minivault_19, serial_park_tiny_1
Temple:   oiseaux_autumnal_temple_12

Skill      XL: |  1  2  3  4  5  6  7  8 |
---------------+-------------------------+-----
Shields        | 4 5 6 |  6.3
Dodging        | 1 2 3 |  3.8
Axes           | 3 4 5 6 |  6.2
Armour         | 4 5 |  5.5
Fighting       | 4 5 |  5.4
Long Blades    | |  0.8

Action                   |  1- 3 |  4- 6 |  7- 9 || total
-------------------------+-------+-------+-------++-------
Melee: War axe           |    87 |   207 |   205 ||   499
       Long sword        |       |       |    39 ||    39
 Abil: Dig               |       |       |     4 ||     4
  Use: Potion            |       |     2 |     2 ||     4
       Scroll            |       |       |     5 ||     5
  Eat: Chunk             |       |     8 |    13 ||    21
Armor: Scale mail        |    44 |    82 |    70 ||   196
Dodge: Dodged            |    36 |    74 |   105 ||   215
Block: Shield            |    49 |   114 |   130 ||   293
